 Dungeon Crawl Stone Soup version 0.30.0-16-gbe6223bb7e (webtiles) character file.

Game seed: 6594660554657339668

19 croobank the Chopper (level 3, 0/31 HPs)
             Began as a Meteoran Cinder Acolyte on May 20, 2023.
             Was a High Priest of Ignis.
             Slain by a cerulean imp
             ... wielding a +0 spear
             ... summoned by Natasha
              (5 damage)
             ... on level 2 of the Dungeon.
             The game lasted 00:02:28 (250 turns).

croobank the Chopper (Meteoran Cinder Acolyte)       Turns: 250, Time: 00:02:29

Health: 0/31       AC:  2    Str: 16    XL:     3   Next: 11%
Magic:  7/7        EV: 11    Int: 17    God:    Ignis [*****.]
Gold:   18         SH:  0    Dex:  9    Spells: 6/6 levels left

rFire   + . .        a - -1 hand axe (flame)
rCold   . . .        (no shield)
rNeg    . . .        b - +0 robe
rPois   .            (no helmet)
rElec   .            (no cloak)
rCorr   .            (no gloves)
SInv    .            (no boots)
Will    .....        (no amulet)
Stlth   +            (no ring)
HPRegen 0.25/turn    (no ring)
MPRegen 0.10/turn

%: no passive effects
@: slowed, glowing, very slow
A: sense surroundings 1, otherworldly, glowing, explore regen
a: Renounce Religion, Fiery Armour, Foxfire Swarm, Rising Flame


You were on level 2 of the Dungeon.
You worshipped Ignis.
Ignis was extremely pleased with you.
You visited 1 branch of the dungeon, and saw 2 of its levels.

You collected 18 gold pieces.

Inventory:

Hand Weapons
 a - a -1 hand axe of flaming (weapon)
 c - a +0 short sword
Armour
 b - a +0 robe (worn)
Scrolls
 d - a scroll of enchant weapon {unknown}
 e - a scroll of teleportation {unknown}
 h - a scroll of identify {unknown}
Potions
 f - 2 potions of berserk rage {unknown}
 g - a potion of lignification {unknown}


   Skills:
 + Level 3.6 Fighting
 + Level 3.9 Axes
 + Level 2.0 Spellcasting
 + Level 3.9 Fire Magic


You had 6 spell levels left.
You didn't know any spells.
Your spell library contained the following spells:

 Spells                   Type           Power      Damage    Failure   Level
 Scorch                   Fire           30%        2d6       6%          2


Dungeon Overview and Level Annotations

Branches:
Dungeon (2/15) Zot: 943

Altars:

Annotations:
D:2 Natasha


Innate Abilities, Weirdness & Mutations

You passively map a small area around you.
You are easily found by Zot.
You glow in the dark.
You regain HP and MP as you explore.


Message History

The dart slug bites you.
You hit the dart slug. You burn the dart slug.
The dart slug is almost dead.
You hit the dart slug. You burn the dart slug.
You kill the dart slug!
There is a stone staircase leading down here.
You climb downwards.
There is a stone staircase leading up here.
Found a spear and a scroll labelled AVEULEDO VUTYH.
Found a stone staircase leading down.
Found a stone staircase leading down.
h - a scroll labelled AVEULEDO VUTYH
There is a stone staircase leading down here.
Natasha, Servant of Life and Death comes into view.
Natasha hisses angrily.
Natasha casts a spell at you.
You feel yourself slow down.
A gnoll comes into view. It is wielding a +0 flail.
Found a smoky cyan potion.
Natasha casts a spell.
An endoplasm and a gnoll come into view.
The endoplasm quivers.
The gnoll shouts!
Natasha stares at you and mumbles some strange words.
The magic dart hits you!
You barely miss Natasha. You hit the endoplasm. You burn the endoplasm.
The endoplasm freezes you.
You are frozen.
Natasha closely misses you.
The cerulean imp hits you from afar with a +0 spear.
You hit Natasha. You burn Natasha.
Natasha is lightly wounded.
You hit the endoplasm. You burn the endoplasm.
You kill the endoplasm!
Natasha closely misses you.
The cerulean imp hits you from afar with a +0 spear.
Natasha claws you.
* * * LOW HITPOINT WARNING * * *
The gnoll barely misses you.
The cerulean imp hits you from afar with a +0 spear.
You die...

### ...# #### ,....#
..## , #.!...#..#
##...###.# ,#.5#..# *
, *#.h@## , ,
##.g.######## ,
#g..........# , , *
,#..#..#......# , ,*
#...###.#..>...# ,
.....#..#......# ..
........##......##...
,
........##...........
, , .......
#.......###.


You could see Natasha, 2 gnolls and a cerulean imp (summoned).

Vanquished Creatures
  A dart slug (D:1)
  A bat (D:2)
  2 endoplasms (D:2)
  2 giant cockroaches (D:2)
  A goblin (D:1)
  3 hobgoblins
  3 jackals (D:2)
  A quokka (D:2)
14 creatures vanquished.

Vanquished Creatures (others)
  17 foxfires (D:2)
17 creatures vanquished.

Grand Total: 31 creatures vanquished

Notes
Turn   | Place    | Note
-------+----------+-------------------------------------------
     0 | D:1      | croobank the Meteoran Cinder Acolyte began the quest for
                  | the Orb.
     0 | D:1      | Reached XP level 1. HP: 19/19 MP: 3/3
    90 | D:1      | Reached XP level 2. HP: 26/26 MP: 5/5
   188 | D:1      | Reached XP level 3. HP: 31/31 MP: 5/7
   245 | D:2      | Noticed Natasha
   250 | D:2      | Slain by a cerulean imp

Illustrated notes

Levels and vault maps discovered:
D:1:      nzn_arrival_crosshair, layout_basic, serial_bayou_lagoon_a
D:2:      layout_rooms, minmay_strange_pillars, uniq_natasha

Skill      XL: |  1  2 |
---------------+-------+-----
Spellcasting   | 2 |  2.0
Fighting       | |  3.6
Axes           | |  3.9
Fire Magic     | |  3.9

Action                     || total
---------------------------++-------
  Melee: Hand axe          ||    25
 Invoke: Foxfire Swarm     ||     1
 Armour: Robe              ||     2
  Dodge: Dodged            ||    12
